TOP OF THE 1ST |
Greensboro Hornets batting - Pitching for Salem Rebels : RHP John Hessler
|
Pitching: RHP John Hessler
|
|
Batting: RHB Armando Moreno
|
0-0: Called Strike 0-1: Ball 1-1: Foul Ball, location: 2F 1-2: Foul Ball, location: 2F 1-2: Ball 2-2: Ground out 6-3 (Groundball, 6MS, EV 90.0 MPH)
|
Batting: SHB Mark Bailey
|
0-0: Ball 1-0: Ball 2-0: Fly out, F6 (Popup, 6D, EV 60.0 MPH)
|
Batting: LHB Preston Cash
|
0-0: Foul Ball, location: 2F 0-1: Foul Ball, location: 2F 0-2: Foul Ball, location: 2F 0-2: Foul Ball, location: 2F 0-2: Ball 1-2: Ball 2-2: Foul Ball, location: 2F 2-2: Foul Ball, location: 2F 2-2: Ball 3-2: Fly out, F7 (Line Drive, 7, EV 96.3 MPH)
|
Top of the 1st over - 0 runs, 0 hits, 0 errors, 0 left on base; Greensboro 0 - Salem 0 |
BOTTOM OF THE 1ST |
Salem Rebels batting - Pitching for Greensboro Hornets : RHP Mark Dacko
|
Pitching: RHP Mark Dacko
|
|
Batting: RHB Daniel Szajko
|
0-0: Foul Ball, location: 2F 0-1: Ball 1-1: Foul Ball, location: 2F 1-2: Reached on error, E8 (Flyball, 8LM, EV 88.1 MPH)
|
Batting: SHB Kelvin Hudson
|
0-0: Called Strike 0-1: Fielders Choice at 2nd, 6-4 (Groundball, 6, EV 88.1 MPH)
|
Batting: LHB Thomas Krupa
|
0-0: Ball 1-0: Ball 2-0: DOUBLE (Line Drive, 89XD, EV 107.5 MPH) Kelvin Hudson to third Runner from 3rd tries for Home, SAFE, throw by RF to home
|
Batting: RHB Jorge Monroig
|
0-0: Ball 1-0: Fly out, F8 (Flyball, 8RS, EV 90.6 MPH)
|
Batting: RHB Dennis Cleveland
|
0-0: Foul Ball, location: 2F 0-1: Ball 1-1: Ball 2-1: Ground out 5-3 (Groundball, 56, EV 80.6 MPH)
|
Bottom of the 1st over - 1 run, 1 hit, 1 error, 1 left on base; Greensboro 0 - Salem 1 |
TOP OF THE 2ND |
Greensboro Hornets batting - Pitching for Salem Rebels : RHP John Hessler
|
Batting: LHB Fernando Vazquez
|
0-0: Ground out 6-3 (Groundball, 6, EV 107.5 MPH)
|
Batting: RHB Mark Cauley
|
0-0: Swinging Strike 0-1: Called Strike 0-2: Strikes out looking
|
Batting: RHB Bernardo Brito
|
0-0: Ball 1-0: Called Strike 1-1: Fly out, F6 (Flyball, 56D, EV 87.5 MPH)
|
Top of the 2nd over - 0 runs, 0 hits, 0 errors, 0 left on base; Greensboro 0 - Salem 1 |
BOTTOM OF THE 2ND |
Salem Rebels batting - Pitching for Greensboro Hornets : RHP Mark Dacko
|
Batting: RHB Robert O'Connor
|
0-0: Ball 1-0: Foul Ball, location: 2F 1-1: Fly out, F3 (Popup, 3SF, EV 71.9 MPH)
|
Batting: RHB Melvin Williams
|
0-0: Ground out 4-3 (Groundball, 4, EV 80.6 MPH)
|
Batting: RHB David Smith
|
0-0: Called Strike 0-1: Ball 1-1: Swinging Strike 1-2: Ball 2-2: Strikes out looking
|
Bottom of the 2nd over - 0 runs, 0 hits, 0 errors, 0 left on base; Greensboro 0 - Salem 1 |
TOP OF THE 3RD |
Greensboro Hornets batting - Pitching for Salem Rebels : RHP John Hessler
|
Batting: LHB John Hughes
|
0-0: Ball 1-0: Swinging Strike 1-1: Ball 2-1: Ball 3-1: Base on Balls
|
Batting: RHB John Lohse
|
0-0: Ball 1-0: Fly out, F8 (Flyball, 8RD, EV 96.9 MPH)
|
Batting: RHB Craig Hendrickson
|
0-0: Ball 1-0: Called Strike 1-1: Swinging Strike 1-2: Ball 2-2: Foul Ball, location: 2F 2-2: Strikes out swinging
|
Batting: RHB Armando Moreno
|
0-0: Called Strike 0-1: SINGLE (Flyball, 8RS, EV 93.1 MPH) John Hughes to second
|
Batting: SHB Mark Bailey
|
0-0: Called Strike 0-1: Ball 1-1: Ball 2-1: Ball 3-1: Base on Balls John Hughes to third Armando Moreno to second
|
Batting: LHB Preston Cash
|
0-0: Ball 1-0: Ball 2-0: Ball 3-0: Base on Balls John Hughes scores Armando Moreno to third Mark Bailey to second
|
Batting: LHB Fernando Vazquez
|
0-0: Ball 1-0: Ball 2-0: Ball 3-0: Called Strike 3-1: Called Strike 3-2: Base on Balls Armando Moreno scores Mark Bailey to third Preston Cash to second
|
Batting: RHB Mark Cauley
|
0-0: Swinging Strike 0-1: Fielders Choice at 2nd, 6-4 (Groundball, 6, EV 107.5 MPH)
|
Top of the 3rd over - 2 runs, 1 hit, 0 errors, 3 left on base; Greensboro 2 - Salem 1 |
BOTTOM OF THE 3RD |
Salem Rebels batting - Pitching for Greensboro Hornets : RHP Mark Dacko
|
Batting: RHB Mark Krynitsky
|
0-0: DOUBLE (Line Drive, 78D, EV 99.4 MPH)
|
Batting: RHB Daniel Szajko
|
0-0: Fly out, F9 (Flyball, 9S, EV 79.4 MPH)
|
Batting: SHB Kelvin Hudson
|
0-0: Foul Ball, location: 2F 0-1: Ball 1-1: Swinging Strike 1-2: Strikes out swinging
|
Batting: LHB Thomas Krupa
|
0-0: 2-RUN HOME RUN (Flyball, 89XD, EV 98.8 MPH), Distance : 414 ft
|
Batting: RHB Jorge Monroig
|
0-0: Ball 1-0: Ball 2-0: Called Strike 2-1: Swinging Strike 2-2: SINGLE (Popup, P, EV 63.1 MPH)
|
Batting: RHB Dennis Cleveland
|
0-0: Called Strike 0-1: Ground out 5-3 (Groundball, 56S, EV 65.6 MPH)
|
Bottom of the 3rd over - 2 runs, 3 hits, 0 errors, 1 left on base; Greensboro 2 - Salem 3 |
TOP OF THE 4TH |
Greensboro Hornets batting - Pitching for Salem Rebels : RHP John Hessler
|
Batting: RHB Bernardo Brito
|
0-0: SINGLE (Groundball, 34D, EV 98.8 MPH)
|
Batting: LHB John Hughes
|
0-0: Called Strike 0-1: Ball 1-1: Ball 2-1: DOUBLE (Flyball, 8LXD, EV 94.4 MPH) Bernardo Brito to third
|
Batting: RHB John Lohse
|
0-0: Fly out, F4 (Popup, 3DF, EV 40.0 MPH)
|
Batting: RHB Craig Hendrickson
|
0-0: Foul Ball, location: 2F 0-1: Ball 1-1: Ball 2-1: Ball 3-1: Called Strike 3-2: Foul Ball, location: 2F 3-2: Strikes out looking
|
Batting: RHB Armando Moreno
|
0-0: DOUBLE (Line Drive, 7LS, EV 98.8 MPH) Bernardo Brito scores John Hughes scores
|
Batting: SHB Mark Bailey
|
0-0: Ball 1-0: Swinging Strike 1-1: Ball 2-1: Called Strike 2-2: Strikes out swinging
|
Top of the 4th over - 2 runs, 3 hits, 0 errors, 1 left on base; Greensboro 4 - Salem 3 |
BOTTOM OF THE 4TH |
Salem Rebels batting - Pitching for Greensboro Hornets : RHP Mark Dacko
|
Batting: RHB Robert O'Connor
|
0-0: Called Strike 0-1: Swinging Strike 0-2: Ball 1-2: Foul Ball, location: 2F 1-2: Reached on error, E5 (Groundball, 56, EV 103.1 MPH)
|
Batting: RHB Melvin Williams
|
0-0: Ball 1-0: Swinging Strike 1-1: Ball 2-1: SINGLE (Groundball, 56D, EV 94.4 MPH) Robert O'Connor to second
|
Batting: RHB David Smith
|
0-0: Fielders Choice at 2nd, 6-4 (Groundball, 6, EV 83.8 MPH) Robert O'Connor to third
|
Batting: RHB Mark Krynitsky
|
0-0: Foul Ball, location: 2F 0-1: Ball 1-1: Foul Ball, location: 2F 1-2: Foul Ball, location: 2F 1-2: Ball Wild Pitch! Robert O'Connor scores David Smith to second 2-2: Strikes out swinging
|
Batting: RHB Daniel Szajko
|
0-0: Ball 1-0: Called Strike 1-1: Ground out 5-3 (Groundball, 56S, EV 83.1 MPH)
|
Bottom of the 4th over - 1 run, 1 hit, 1 error, 1 left on base; Greensboro 4 - Salem 4 |
TOP OF THE 5TH |
Greensboro Hornets batting - Pitching for Salem Rebels : RHP John Hessler
|
Batting: LHB Preston Cash
|
0-0: Ball 1-0: Called Strike 1-1: Ball 2-1: Ball 3-1: Foul Ball, location: 2F 3-2: Base on Balls
|
Batting: LHB Fernando Vazquez
|
0-0: Called Strike Preston Cash is caught stealing 2nd base 2-6 0-1: Called Strike 0-2: Fly out, F8 (Flyball, 8RD, EV 106.3 MPH)
|
Batting: RHB Mark Cauley
|
0-0: Called Strike 0-1: Ball 1-1: Foul Ball, location: 2F 1-2: TRIPLE (Line Drive, 89XD, EV 106.9 MPH)
|
Batting: RHB Bernardo Brito
|
0-0: Ball 1-0: Called Strike 1-1: Called Strike 1-2: Foul Ball, location: 2F 1-2: Foul Ball, location: 2F 1-2: Ground out 6-3 (Groundball, 6M, EV 84.4 MPH)
|
Top of the 5th over - 0 runs, 1 hit, 0 errors, 1 left on base; Greensboro 4 - Salem 4 |
BOTTOM OF THE 5TH |
Salem Rebels batting - Pitching for Greensboro Hornets : RHP Mark Dacko
|
Batting: SHB Kelvin Hudson
|
0-0: Fly out, F8 (Line Drive, 8LD, EV 96.9 MPH)
|
Batting: LHB Thomas Krupa
|
0-0: Foul Ball, location: 2F 0-1: SOLO HOME RUN (Flyball, 89XD, EV 92.5 MPH), Distance : 437 ft
|
Batting: RHB Jorge Monroig
|
0-0: SINGLE (Groundball, 56D, EV 94.4 MPH)
|
Batting: RHB Dennis Cleveland
|
0-0: Ball 1-0: Fly out, F2 (Popup, 25F, EV 72.5 MPH)
|
Batting: RHB Robert O'Connor
|
0-0: Ball 1-0: Ball 2-0: Called Strike 2-1: Ball 3-1: Fly out, F8 (Flyball, 8RM, EV 91.3 MPH)
|
Bottom of the 5th over - 1 run, 2 hits, 0 errors, 1 left on base; Greensboro 4 - Salem 5 |
TOP OF THE 6TH |
Greensboro Hornets batting - Pitching for Salem Rebels : RHP John Hessler
|
Batting: LHB John Hughes
|
0-0: DOUBLE (Line Drive, 89XD, EV 98.1 MPH)
|
Batting: RHB John Lohse
|
0-0: Called Strike 0-1: Ball 1-1: Ball 2-1: Fly out, F3 (Line Drive, 3, EV 65.6 MPH)
|
Batting: RHB Craig Hendrickson
|
0-0: Ball 1-0: SINGLE (Popup, 56D, EV 53.1 MPH) John Hughes to third
|
Batting: RHB Armando Moreno
|
0-0: Ball 1-0: Ball 2-0: Ball Craig Hendrickson steals 2nd base 3-0: Base on Balls
|
Batting: SHB Mark Bailey
|
0-0: Ball 1-0: Ball 2-0: Foul Ball, location: 2F 2-1: Foul Ball, location: 2F 2-2: Ball 3-2: Fly out, F7 (Line Drive, 7, EV 92.5 MPH) Runner from 3rd tags up, SCORES, throw by LF Craig Hendrickson to third
|
Batting: LHB Preston Cash
|
0-0: Called Strike 0-1: Foul Ball, location: 2F 0-2: Ball 1-2: Ground out U3 (Groundball, 34S, EV 81.3 MPH)
|
Top of the 6th over - 1 run, 2 hits, 0 errors, 2 left on base; Greensboro 5 - Salem 5 |
BOTTOM OF THE 6TH |
Salem Rebels batting - Pitching for Greensboro Hornets : RHP Mark Dacko
|
Batting: RHB Melvin Williams
|
0-0: Ball 1-0: Ball 2-0: Ball 3-0: Called Strike 3-1: Called Strike 3-2: Ground out 4-3 (Groundball, 4, EV 80.6 MPH)
|
Batting: RHB David Smith
|
0-0: Ball 1-0: Called Strike 1-1: Foul Ball, location: 2F 1-2: Foul Ball, location: 2F 1-2: Ground out 4-3 (Groundball, 34, EV 91.3 MPH)
|
Batting: RHB Mark Krynitsky
|
0-0: Foul Ball, location: 2F 0-1: Ball 1-1: Swinging Strike 1-2: Ball 2-2: Strikes out swinging
|
Bottom of the 6th over - 0 runs, 0 hits, 0 errors, 0 left on base; Greensboro 5 - Salem 5 |
TOP OF THE 7TH |
Greensboro Hornets batting - Pitching for Salem Rebels : RHP John Hessler
|
Batting: LHB Fernando Vazquez
|
0-0: Ball 1-0: Ball 2-0: Ball 3-0: Base on Balls
|
Batting: RHB Mark Cauley
|
0-0: Ball 1-0: Swinging Strike 1-1: Called Strike 1-2: Ball 2-2: DOUBLE (Line Drive, 7LS, EV 107.5 MPH) Fernando Vazquez to third
|
Batting: RHB Bernardo Brito
|
0-0: Ball 1-0: Ball 2-0: 3-RUN HOME RUN (Flyball, 7D, EV 96.9 MPH), Distance : 366 ft
|
Pitching: LHP Wilberto Rohena
|
|
Batting: LHB John Hughes
|
0-0: Ground out 4-3 (Groundball, 4, EV 92.5 MPH)
|
Batting: RHB John Lohse
|
0-0: Foul Ball, location: 2F 0-1: Ball 1-1: Foul Ball, location: 2F 1-2: Ball 2-2: DOUBLE (Line Drive, 7LS, EV 90.6 MPH)
|
Batting: RHB Craig Hendrickson
|
0-0: Ground out 6-3 (Groundball, 6, EV 88.8 MPH) John Lohse to third
|
Batting: RHB Armando Moreno
|
0-0: Ball 1-0: Ball 2-0: Called Strike 2-1: Swinging Strike 2-2: Strikes out looking
|
Top of the 7th over - 3 runs, 3 hits, 0 errors, 1 left on base; Greensboro 8 - Salem 5 |
BOTTOM OF THE 7TH |
Salem Rebels batting - Pitching for Greensboro Hornets : RHP Mark Dacko
|
Batting: RHB Daniel Szajko
|
0-0: Ground out 6-3 (Groundball, 6, EV 86.9 MPH)
|
Batting: SHB Kelvin Hudson
|
0-0: Ball 1-0: Foul Ball, location: 2F 1-1: Ball 2-1: Ground out 6-3 (Groundball, 6M, EV 106.3 MPH)
|
Batting: LHB Thomas Krupa
|
0-0: Called Strike 0-1: Foul Ball, location: 2F 0-2: Ball 1-2: Foul Ball, location: 2F 1-2: Ball 2-2: Ball 3-2: Base on Balls
|
Batting: RHB Jorge Monroig
|
0-0: Ball 1-0: Ball 2-0: Called Strike 2-1: Ball 3-1: 2-RUN HOME RUN (Flyball, 7D, EV 95.6 MPH), Distance : 364 ft
|
Pitching: LHP Alan Walker
|
|
Batting: RHB Dennis Cleveland
|
0-0: Ball 1-0: Ball 2-0: Ball 3-0: Called Strike 3-1: Base on Balls
|
Batting: RHB Robert O'Connor
|
0-0: Ball 1-0: Ball 2-0: Foul Ball, location: 2F 2-1: Fielders Choice at 2nd, 5-4 (Groundball, 5L, EV 88.1 MPH)
|
Bottom of the 7th over - 2 runs, 1 hit, 0 errors, 1 left on base; Greensboro 8 - Salem 7 |
TOP OF THE 8TH |
Greensboro Hornets batting - Pitching for Salem Rebels : LHP Wilberto Rohena
|
Batting: SHB Mark Bailey
|
0-0: Ball 1-0: Ball 2-0: Ball 3-0: Called Strike 3-1: Foul Ball, location: 2F 3-2: Fly out, F7 (Line Drive, 7, EV 111.3 MPH)
|
Batting: LHB Preston Cash
|
0-0: Called Strike 0-1: Foul Ball, location: 2F 0-2: Ball 1-2: Fly out, F9 (Flyball, 89D, EV 105.6 MPH)
|
Batting: LHB Fernando Vazquez
|
0-0: Ball 1-0: Ball 2-0: Foul Ball, location: 2F 2-1: Foul Ball, location: 2F 2-2: Ball 3-2: Base on Balls
|
Batting: RHB Mark Cauley
|
0-0: Called Strike 0-1: Ball 1-1: Foul Ball, location: 2F 1-2: Ground out 1-3 (Groundball, 15S, EV 71.3 MPH)
|
Top of the 8th over - 0 runs, 0 hits, 0 errors, 1 left on base; Greensboro 8 - Salem 7 |
BOTTOM OF THE 8TH |
Salem Rebels batting - Pitching for Greensboro Hornets : LHP Alan Walker
|
Batting: RHB Melvin Williams
|
0-0: Foul Ball, location: 2F 0-1: Ball 1-1: Swinging Strike 1-2: Ground out 4-3 (Groundball, 4, EV 83.1 MPH)
|
Batting: RHB David Smith
|
0-0: Swinging Strike 0-1: Swinging Strike 0-2: SINGLE (Line Drive, 89S, EV 112.5 MPH)
|
Pitching: RHP Ray Krawczyk
|
|
Batting: RHB Mark Krynitsky
|
0-0: Ball 1-0: Ball 2-0: Ball 3-0: Called Strike 3-1: Foul Ball, location: 2F 3-2: Foul Ball, location: 2F 3-2: Strikes out swinging
|
Batting: RHB Daniel Szajko
|
0-0: Ball 1-0: Foul Ball, location: 2F 1-1: Ball 2-1: Ball 3-1: Swinging Strike 3-2: Base on Balls David Smith to second
|
Batting: SHB Kelvin Hudson
|
0-0: Ball 1-0: Called Strike 1-1: Swinging Strike 1-2: Foul Ball, location: 2F 1-2: Foul Ball, location: 2F 1-2: Strikes out swinging
|
Bottom of the 8th over - 0 runs, 1 hit, 0 errors, 2 left on base; Greensboro 8 - Salem 7 |
TOP OF THE 9TH |
Greensboro Hornets batting - Pitching for Salem Rebels : LHP Wilberto Rohena
|
Pitching: RHP Timothy Justus
|
|
Batting: RHB Bernardo Brito
|
0-0: Swinging Strike 0-1: Called Strike 0-2: Ball 1-2: Ball 2-2: DOUBLE (Flyball, 89D, EV 98.8 MPH)
|
Batting: LHB John Hughes
|
0-0: Intentional Walk
|
Batting: RHB John Lohse
|
0-0: Bunt missed! 0-1: Ball 1-1: Sac Bunt to 15S - play at first, batter OUT! 1-4 Bernardo Brito to third John Hughes to second
|
Batting: RHB Craig Hendrickson
|
0-0: Fly out, F7 (Line Drive, 7, EV 93.8 MPH) Runner from 3rd tags up, OUT at HOME! 7-2
|
Top of the 9th over - 0 runs, 1 hit, 0 errors, 1 left on base; Greensboro 8 - Salem 7 |
BOTTOM OF THE 9TH |
Salem Rebels batting - Pitching for Greensboro Hornets : RHP Ray Krawczyk
|
Pitching: RHP Orlando Ochoa
|
|
Now at SS: Ed Romero
|
|
Now in LF: Francisco Melendez
|
|
Batting: LHB Thomas Krupa
|
0-0: Swinging Strike 0-1: Foul Ball, location: 2F 0-2: Strikes out swinging
|
Batting: RHB Jorge Monroig
|
0-0: Called Strike 0-1: Foul Ball, location: 2F 0-2: Ball 1-2: Strikes out swinging
|
Batting: RHB Dennis Cleveland
|
0-0: Swinging Strike 0-1: Foul Ball, location: 2F 0-2: Strikes out swinging
|
Bottom of the 9th over - 0 runs, 0 hits, 0 errors, 0 left on base; Greensboro 8 - Salem 7 |
|